 Dungeon Crawl Stone Soup version 0.24-a0-509-ga1643a6788 (webtiles) character file.

Game seed: 1794161897470759868

2419 KristoblXynda the Cleaver (level 9, -6/100 HPs)
             Began as a White Draconian Skald on July 19, 2019.
             Was an Initiate of Ashenzari.
             Mangled by a death yak (10 damage)
             ... on level 7 of the Dungeon.
             The game lasted 00:13:26 (9193 turns).

KristoblXynda the Cleaver (White Draconian Skald)   Turns: 9193, Time: 00:13:27

Health: -6/100     AC: 24    Str: 14    XL:     9   Next: 24%
Magic:  0/12       EV:  2    Int: 17    God:    Ashenzari [......]
Gold:   402        SH:  0    Dex: 15    Spells: 6/12 levels left

rFire    . . .     SeeInvis .   d - +1 war axe
rCold    . . .     Gourm    .   (no shield)
rNeg     + + +     Faith    .   (armour unavailable)
rPois    +         Spirit   +   (helmet currently unavailable)
rElec    .         Reflect  .   (cloak currently unavailable)
rCorr    .         Harm     .   (gloves currently unavailable)
MR       .....     NoTele   +   (boots currently unavailable)
Stlth    +++.......             v - amulet of guardian spirit
HPRegen  0.26/turn              s - ring of stealth
MPRegen  0.13/turn              (no ring)

@: agile, tree-form, hasted, very quick
A: (breathe frost), unfitting armour, AC +7
a: Curse Item, Renounce Religion


You were on level 7 of the Dungeon.
You worshipped Ashenzari.
Ashenzari was noncommittal.
You were not hungry.
You were a tree.
You visited 1 branch of the dungeon, and saw 8 of its levels.

You collected 492 gold pieces.
You spent 90 gold pieces at shops.

Inventory:

Hand Weapons
 d - a +1 war axe (weapon)
 n - a +2 hand axe of holy wrath
Armour
 h - a +1 pair of gloves (melded)
 y - a cursed +2 pair of boots of running (melded)
Jewellery
 a - an uncursed amulet of magic regeneration
 f - an uncursed amulet of faith
 s - a ring of stealth (left branch)
 v - an amulet of guardian spirit (around neck)
Wands
 o - a wand of disintegration (15)
Scrolls
 i - 5 scrolls of enchant armour
 m - a scroll of magic mapping
 p - 2 scrolls of remove curse
 t - a scroll of teleportation
 u - a scroll of blinking
 x - a scroll of enchant weapon
Potions
 b - a potion of brilliance
 e - a potion of haste
 g - a potion of invisibility
 k - 2 potions of magic
 q - a potion of flight
 r - a potion of resistance
Comestibles
 c - 9 rations


   Skills:
 - Level 2.1 Fighting
 + Level 9.1 Axes
 + Level 6.1 Dodging
 - Level 2.0 Spellcasting
 + Level 6.2 Charms
 + Level 0.0 Evocations


You had 6 spell levels left.
You knew the following spells:

 Your Spells              Type           Power        Failure   Level  Hunger
a - Infusion              Chrm           ###.         1%          1    #......
b - Regeneration          Chrm/Necr      ##........   16%         3    ###....
c - Song of Slaying       Chrm           ###.....     2%          2    ###....

Your spell library contained the following spells:

 Spells                   Type           Power        Failure   Level  Hunger
 Shroud of Golubria       Chrm/Tloc      ##....       9%          2    ###....
 Spectral Weapon          Hex/Chrm       ##......     16%         3    ###....
 Animate Skeleton         Necr           N/A          19%         1    #......
 Apportation              Tloc           #.....       19%         1    #......
 Confusing Touch          Hex            #.....       19%         1    #......
 Summon Small Mammal      Summ           #...         19%         1    #......


Dungeon Overview and Level Annotations

Branches:
Dungeon (8/15)             Temple (0/1) D:7
   Lair: D:8-11

Altars:
Ashenzari
Cheibriados
Elyvilon
Fedhas
Hepliaklqana
Okawaru
Sif Muna
Wu Jian
Xom
Yredelemnul
Zin
The Shining One


Innate Abilities, Weirdness & Mutations

((You can breathe waves of freezing cold.))
((You can buffet flying creatures when you breathe cold.))
((Your icy white scales are hard. (AC +7)))
You cannot fit into any form of body armour.
((Your flesh is cold resistant. (rC+)))
((You are cold-blooded and may be slowed by cold attacks.))


Message History

Evoke which item? (* to show all) (? for menu, Esc to quit)
Aiming: Disintegrate
Press: ? - help, Shift-Dir - straight line, f/p - death yak
Aim: a death yak (moderately wounded, chance to defeat MR: 7%)
The death yak resists with almost no effort.
Unknown command.
Evoke which item? (* to show all) (? for menu, Esc to quit)
You don't have any such object.
Evoke which item? (* to show all) (? for menu, Esc to quit)
Okay, then.
Okay, then.
You completely miss the death yak.
The death yak is moderately wounded.
The death yak gores you!
* * * LOW HITPOINT WARNING * * *
Unknown command.
You hit the death yak.
The death yak is moderately wounded.
The death yak gores you!
You die...

###########
#......(..#
#.........#
#.........########
#♣................
#Y###.....####..##
#.#.......# ##.##
#.#.......# #..#
####.#.)..#########.#
#....#(...# #.......
####....#....#
#.......
#..'....#....#
#.......
#.##...#######
#......#


You could see a death yak.

Vanquished Creatures
  A hippogriff (D:7)
  Duvessa (D:4)
  An orc warrior (D:4)
  A phantom (D:7)
  3 ice beasts
  2 ogres
  3 centaurs
  A bullfrog (D:3)
  Dowan (D:3)
  A scorpion (D:4)
  3 howler monkeys (D:7)
  3 crimson imps
  3 hounds
  A centaur skeleton (D:4)
  6 orc priests
  A bullfrog skeleton (D:6)
  Terence (D:2)
  4 orc wizards
  4 worker ants
  2 hound zombies
  A hound skeleton (D:7)
  A howler monkey zombie (D:6)
  Robin (D:2)
  6 adders
  4 gnolls (D:3)
  A shadow imp (D:7)
  An ooze (D:2)
  An adder zombie (D:5)
  3 worms
  3 dart slugs
  6 leopard geckos
  17 orcs
  3 ball pythons
  5 giant cockroaches
  19 goblins
  9 hobgoblins
  4 jackals (D:2)
  5 kobolds
  5 quokkas
  8 bats
  7 frilled lizards
  A leopard gecko skeleton (D:5)
  7 rats
161 creatures vanquished.

Vanquished Creatures (others)
  An orc wizard (D:7)
1 creature vanquished.

Grand Total: 162 creatures vanquished

Notes
Turn   | Place    | Note
-------+----------+-------------------------------------------
     0 | D:1      | KristoblXynda the Draconian Skald began the quest for the
                  | Orb.
     0 | D:1      | Reached XP level 1. HP: 17/17 MP: 3/3
   133 | D:1      | Reached XP level 2. HP: 16/24 MP: 5/5
   719 | D:2      | Reached XP level 3. HP: 26/29 MP: 6/6
   794 | D:2      | Found an ornate altar of the Wu Jian Council.
   802 | D:2      | Reached skill level 3 in Axes
   860 | D:2      | Learned a level 3 spell: Regeneration
   896 | D:2      | Noticed Terence
   923 | D:2      | Killed Terence
   923 | D:2      | Reached XP level 4. HP: 20/36 MP: 0/7
  1438 | D:2      | Noticed Robin
  1458 | D:2      | Killed Robin
  1723 | D:2      | Found Zin's Purification Station.
  1726 | D:2      | Found a glowing silver altar of Zin.
  1742 | D:2      | Reached XP level 5. HP: 40/41 MP: 8/8
  2009 | D:3      | Reached skill level 4 in Axes
  2182 | D:2      | Bought a potion of curing for 90 gold pieces
  2395 | D:3      | Found an iron altar of Okawaru.
  2610 | D:3      | Found a shimmering altar of Xom.
  2627 | D:3      | Reached XP level 6. HP: 26/48 MP: 9/9
  2875 | D:4      | Found a deep blue altar of Sif Muna.
  3085 | D:4      | Noticed Dowan
  3392 | D:4      | Reached skill level 5 in Axes
  3524 | D:4      | Learned a level 2 spell: Song of Slaying
  3573 | D:4      | Noticed an orc warrior
  3626 | D:4      | Killed an orc warrior
  3626 | D:4      | Your scales start taking on an icy white colour.
  3626 | D:4      | Reached XP level 7. HP: 17/55 MP: 2/10
  3626 | D:4      | Gained mutation: Your flesh is cold resistant. (rC+) [White
                  | Draconian growth]
  4144 | D:4      | Noticed Duvessa
  4940 | D:4      | Reached skill level 6 in Axes
  5091 | D:4      | Killed Duvessa
  5121 | D:3      | Killed Dowan
  5622 | D:4      | Found a shattered altar of Ashenzari.
  5642 | D:4      | Became a worshipper of Ashenzari the Shackled
  5670 | D:5      | Entered Level 5 of the Dungeon
  5957 | D:5      | Reached skill level 5 in Charms
  5957 | D:5      | Reached XP level 8. HP: 31/61 MP: 4/11
  6145 | D:5      | Reached skill level 7 in Axes
  6802 | D:5      | Reached skill level 5 in Dodging
  6919 | D:5      | Found a glowing golden altar of the Shining One.
  7091 | D:6      | Found a snail-covered altar of Cheibriados.
  7161 | D:6      | Found a blossoming altar of Fedhas.
  7172 | D:6      | Found a hazy altar of Hepliaklqana.
  7294 | D:6      | Found a basalt altar of Yredelemnul.
  7373 | D:6      | Found a white marble altar of Elyvilon.
  7439 | D:6      | Found a blossoming altar of Fedhas.
  8012 | D:7      | Found a staircase to the Ecumenical Temple.
  8095 | D:7      | Noticed a hippogriff
  8140 | D:7      | Killed a hippogriff
  8140 | D:7      | Reached skill level 8 in Axes
  8537 | D:7      | Reached XP level 9. HP: 66/67 MP: 10/12
  8906 | D:8      | Noticed a death yak
  8997 | D:8      | Identified a scroll of acquirement
  9006 | D:8      | Identified a cursed +2 pair of boots of running (You
                  | acquired it on level 8 of the Dungeon)
  9054 | D:8      | Reached skill level 9 in Axes
  9160 | D:8      | Noticed a death yak
  9192 | D:7      | HP: 4/100 [death yak (13)]
  9193 | D:7      | Mangled by a death yak

Levels and vault maps discovered:
D:1:      beargit_arrival_greenhouse, layout_basic
D:2:      layout_basic, zin_purify, lemuel_coloured_pillars_altar, first_ration,
          minmay_circle_x, uniq_terence, uniq_robin
D:3:      layout_rooms, tgw_xom, okawaru_trees_1
D:4:      layout_basic, kennysheep_mini_moat, nicolae_overflow_crystal_walls,
          guppyfry_early_orc_mine, uniq_duvessa
D:5:      layout_loops_ring, marbit_many_paths
D:6:      layout_loops_ring, kennysheep_ying_yang,
          amethyst_overflow_temple_binary, kennysheep_little_box, fedhas_altar_4
D:7:      layout_basic, minmay_temple_entry_mini_moons
D:8:      layout_rooms, dpeg_lair_monsters

Skill      XL: |  1  2  3  4  5  6  7  8  9 |
---------------+----------------------------+-----
Charms         | 3 4 5 6 |  6.2
Axes           | 3 4 5 6 8 9 |  9.1
Dodging        | 3 4 5 6 |  6.1
Fighting       | |  2.1
Spellcasting   | |  2.0

Action                   |  1- 3 |  4- 6 |  7- 9 || total
-------------------------+-------+-------+-------++-------
Melee: Hand axe          |    83 |   253 |   291 ||   627
       Tailslap          |    10 |    26 |    32 ||    68
       War axe           |       |       |    58 ||    58
 Cast: Infusion          |     4 |     8 |     3 ||    15
 Abil: Breathe Frost     |       |       |     8 ||     8
Evoke: Wand              |       |       |     3 ||     3
  Use: Scroll            |       |     6 |    13 ||    19
       Potion            |       |     3 |     8 ||    11
 Stab: Sleeping          |     1 |     4 |     4 ||     9
       Invisible         |       |     1 |       ||     1
  Eat: Chunk             |       |     8 |    14 ||    22
       Ration            |       |       |     2 ||     2
Armor: Skin              |    37 |    99 |   121 ||   257
Dodge: Dodged            |    65 |   185 |   204 ||   454

Table legend:
 A = Non-vault XP
 B = Vault XP
 C = Vault XP percentage of total XP
 D = Non-vault monster count
 E = Vault monster count
 F = Vault count percentage of total count
                 A         B        C        D         E       F
            +---------+---------+-------+---------+---------+-------
      Total |    2812 |     644 |  18.6 |     129 |      33 |  20.4
            +---------+---------+-------+---------+---------+-------
        D:1 |      20 |       0 |   0.0 |      12 |       0 |   0.0
        D:2 |      82 |      96 |  53.9 |      26 |      19 |  42.2
        D:3 |     138 |     139 |  50.2 |      22 |       5 |  18.5
        D:4 |     467 |     368 |  44.1 |      21 |       8 |  27.6
        D:5 |     436 |      41 |   8.6 |      13 |       1 |   7.1
        D:6 |     181 |       0 |   0.0 |       4 |       0 |   0.0
        D:7 |    1134 |       0 |   0.0 |      22 |       0 |   0.0
        D:8 |     354 |       0 |   0.0 |       9 |       0 |   0.0
            +---------+---------+-------+---------+---------+-------
